 Dungeon Crawl Stone Soup version 0.29-a0-1065-g47a6bb87d6 (webtiles) character file.

Game seed: 17418541534606444977

22787 spaghetti the Summoner (level 13, -7/107 HPs)
             Began as a Gnoll Summoner on Aug 19, 2022.
             Was the Champion of Jiyva.
             Mangled by a skeletal warrior
             ... wielding a +0 halberd
              (26 damage)
             ... on level 13 of the Dungeon.
             The game lasted 00:28:39 (11417 turns).

spaghetti the Summoner (Gnoll Summoner)            Turns: 11417, Time: 00:28:40

Health: -7/107     AC:  9    Str: 14    XL:     13   Next: 2%
Magic:  20/26      EV: 16    Int: 19    God:    Jiyva [******]
Gold:   213        SH:  5    Dex: 13    Spells: 12/31 levels left

rFire   . . .      SeeInvis .   B - +2 dire flail (freeze) {mace}
rCold   . . .      Faith    .   (shield currently unavailable)
rNeg    . . .      Spirit   .   L - +0 steam dragon scales
rPois   .          Reflect  +   (helmet restricted)
rElec   .          Harm     .   (no cloak)
rCorr   +          Rampage  .   (no gloves)
Will    .....                   e - +1 pair of boots
Stlth   ++++......              Z - amulet of reflection
HPRegen 1.87/turn               V - +6 ring of strength
MPRegen 0.70/turn               l - ring of wizardry

@: studying Hexes
A: fangs 1, strong nose, distributed training, horns 2, talons 2, passive
freeze, sense surroundings 1, robust 1, wild magic 2, MP-powered wands, engulf
a: Renounce Religion, Oozemancy, Slimify


You were on level 13 of the Dungeon.
You worshipped Jiyva.
Jiyva was exalted by your worship.
You visited 1 branch of the dungeon, and saw 13 of its levels.
You also visited: Ossuary.

You collected 470 gold pieces.
You spent 257 gold pieces at shops.


Innate Abilities, Weirdness & Mutations

You have very sharp teeth.
Your uncanny sense of smell can sniff out nearby items.
Your experience applies equally to all skills.
You have a pair of horns on your head.
You have razor-sharp toenails.
A frigid envelope surrounds you and freezes all who hurt you.
You passively map a small area around you.
You are robust. (+10% HP)
Your spells are harder to cast, but more powerful.
You expend magic power (3 MP) to strengthen your wands.
Your melee attacks may engulf your foes in ooze.


   Skills:
 + Level 8.1 Fighting
 + Level 8.1 Short Blades
 + Level 8.1 Long Blades
 + Level 8.1 Axes
 + Level 8.1 Maces & Flails
 + Level 8.1 Polearms
 + Level 8.1 Staves
 + Level 8.1 Ranged Weapons
 + Level 8.1 Throwing
 + Level 8.1 Armour
 + Level 9.4 Dodging
 + Level 9.2 Stealth
 + Level 8.1 Shields
 + Level 8.1 Unarmed Combat
 + Level 9.6 Spellcasting
 + Level 6.7 Conjurations
 + Level 6.8 Hexes
 + Level 9.9 Summonings
 + Level 6.7 Necromancy
 + Level 6.7 Translocations
 + Level 6.7 Transmutations
 + Level 6.7 Fire Magic
 + Level 6.7 Ice Magic
 + Level 6.7 Air Magic
 + Level 6.7 Earth Magic
 + Level 6.7 Poison Magic
 + Level 8.9 Invocations
 + Level 8.1 Evocations


You had 12 spell levels left.
You knew the following spells:

 Your Spells              Type           Power      Damage    Failure   Level
a - Summon Small Mammal   Summ           100%       N/A       1%          1
b - Call Imp              Summ           66%        N/A       1%          2
c - Call Canine Familiar  Summ           66%        N/A       1%          3
d - Summon Guardian Gole  Hex/Summ       60%        N/A       1%          3
e - Summon Lightning Spi  Summ/Air       60%        N/A       3%          4
f - Summon Cactus Giant   Summ           33%        N/A       16%         6

Your spell library contained the following spells:

 Spells                   Type           Power      Damage    Failure   Level
 Freeze                   Ice            100%       1d11      1%          1
 Scorch                   Fire           100%       2d10      1%          2
 Frozen Ramparts          Ice            100%       1d16      1%          3
 Flame Wave               Conj/Fire      54%        2d13      4%          4
 Fulminant Prism          Conj/Hex       27%        3d14      4%          4
 Hailstorm                Conj/Ice       54%        3d12      4%          4
 Iskenderun's Mystic Bla  Conj/Tloc      54%        2d12      4%          4
 Lee's Rapid Deconstruct  Erth           27%        3d15*     11%         5

Inventory:

Hand Weapons
 B - a +2 dire flail of freezing (weapon) {mace}
   (You took it off Edmund on level 4 of the Dungeon)
Missiles
 g - 72 stones {throwing}
 E - 11 poisoned darts {throwing}
 M - 6 atropa-tipped darts {throwing}
 Q - 8 javelins {throwing}
Armour
 a - a +1 robe
 e - a +1 pair of boots (worn)
   (You bought it in a shop on level 12 of the Dungeon)
 o - the +1 chain mail of Amorality {Harm rF+ Int+4}
   (You found it on level 2 of the Dungeon)

   Int:       It affects your intelligence (+4).
   rF:        It protects you from fire.
   Harm:      It increases damage dealt and taken.
 x - the +0 ring mail of Hedge Wizardry {rC+ rCorr Dex+4 Slay+3}
   (You found it on level 6 of the Dungeon)

   Dex:       It affects your dexterity (+4).
   Slay:      It affects your accuracy & damage with ranged weapons and melee
   (+3).
   rC:        It protects you from cold.
   rCorr:     It protects you from acid and corrosion.
 C - the +1 scale mail "Sofoecha" {Rampage Will+ SInv}
   (You found it on level 4 of the Dungeon)

   SInv:      It lets you see invisible.
   Rampage:   It bestows one free step when moving towards enemies.
   Will:      It increases your willpower.
 L - +0 steam dragon scales (worn)
   (You found it on level 8 of the Dungeon)
 R - the +3 leather armour "Yxtoqau" {Harm rF+ rC+ Str-3}
   (You found it on level 10 of the Dungeon)

   Str:       It affects your strength (-3).
   rF:        It protects you from fire.
   rC:        It protects you from cold.
   Harm:      It increases damage dealt and taken.
 X - a +0 troll leather armour
   (You found it on level 12 of the Dungeon)
Magical Staves
 h - a staff of cold {!astaff}
   (You found it on level 12 of the Dungeon)
 P - a staff of death {!astaff}
   (You found it on level 10 of the Dungeon)
Jewellery
 c - a ring of flight
   (You found it on level 1 of the Dungeon)
 l - a ring of wizardry (right hand)
   (You found it on level 1 of the Dungeon)
 A - a ring of fire
   (You found it on level 6 of the Dungeon)
 V - a +6 ring of strength (left hand)
   (You found it on level 11 of the Dungeon)
 Z - an amulet of reflection (around neck)
   (You found it on level 12 of the Dungeon)
Wands
 F - a wand of charming (6)
   (You found it on level 6 of the Dungeon)
 K - a wand of mindburst (19)
   (You found it on level 8 of the Dungeon)
 S - a wand of flame (12)
   (You found it on level 11 of the Dungeon)
 W - a wand of polymorph (4)
   (You found it on level 11 of the Dungeon)
Scrolls
 d - a scroll of poison {!r}
 f - a scroll of fog
 n - a scroll of silence {!r}
 t - 7 scrolls of teleportation {@r4}
 D - 3 scrolls of vulnerability {!r!r}
 G - 6 scrolls of identify {@r1}
 J - a scroll of summoning {unknown}
 N - a scroll of enchant weapon {unknown}
 O - 2 scrolls of immolation {unknown}
Potions
 b - a potion of magic
 k - 2 potions of curing {@q1}
 r - 2 potions of lignification {!q}
 z - 2 potions of brilliance
 H - a potion of heal wounds {@q2}
 I - a potion of ambrosia
 T - a potion of mutation {unknown}
 U - a potion of flight
 Y - a potion of attraction {unknown}

Dungeon Overview and Level Annotations

Branches:
Dungeon (13/15) Zot: 26924  Temple (0/1) D:6            Lair (0/5) D:11
Ossuary (visited)
    Orc: D:9-12      Vaults: D:13-14

Altars:
Ashenzari
Cheibriados
Fedhas
Hepliaklqana
Okawaru
Ru
Uskayaw
Xom
The Shining One
Jiyva

Shops:
D:6 ?   D:10 *   D:12 **=[

Annotations:
D:5 3 runed translucent doors, Spectrina's ghost, amateur DjVM; nickcage's ghost, novice MiGl

* * * *#.# * *..* ##.# ,
## #.. *##+#### .#
######.## $......
.####...#...#### .......
.##...#.#.#....###Jz....:
.#..#.#...#.##.h@#zzz....
.'.##.###.#.####.'z9.....
* .####.#...#.#
###.T..... ## #.#.###.#
ยง...... #.#.[...#
....... #####.### ###+###
#... *###+# * , * *


You could see a skeletal warrior (ally target), a troll, a friendly guardian
golem (summoned, inner flame) and a friendly warg (summoned, sheltered).


Message History

๐Ÿ˜Ž HP[+6] MP[+1]
You now have 107 max hp (+6).
Your hp is fully restored (107).
Your mp is fully restored (26).
You pick up a book of Scorching and begin reading...
Unfortunately, you learned nothing new.
You open the door.
There is an open door here.
There is an open door here.
You open the door.
There is an open door here.
You see here a +0 leather armour.
Key pressed, stopping explore.
You open the door.
A troll comes into view.
A troll is nearby!
A troll is nearby! 5 skeletal warriors come into view.
There is an open door here.
The helpless skeletal warrior fails to defend itself.
You hit the skeletal warrior but do no damage.
The skeletal warrior completely misses you.
You barely miss the skeletal warrior.
The skeletal warrior completely misses you.
The skeletal warrior misses you.
You hit the skeletal warrior.
You engulf the skeletal warrior in ooze!
The skeletal warrior hits you with a +0 halberd!!
The skeletal warrior resists.
The skeletal warrior is very cold.
The skeletal warrior hits you from afar with a +0 glaive.
The troll shouts! ๐Ÿ˜• HP[-20]
You take 20 damage, and now have 87/107 hp.
You are too injured to fight recklessly!
You are too injured to fight recklessly!
You are too injured to fight recklessly!
You are too injured to fight recklessly!
You are too injured to fight recklessly!
You are too injured to fight recklessly!
You are too injured to fight recklessly!
You are too injured to fight recklessly!
You are too injured to fight recklessly!
You are too injured to fight recklessly!
You are too injured to fight recklessly!
You are too injured to fight recklessly!
You are too injured to fight recklessly!
You are too injured to fight recklessly!
You are too injured to fight recklessly!
You are too injured to fight recklessly!
Unknown command.
Casting: Summon Small Mammal (safe; 1% risk of failure)
Confirm with . or Enter, or press ? or * to list all spells.
A guardian golem appears, shielding your allies.
The skeletal warrior hits you from afar with a +0 glaive!
The skeletal warrior hits you with a +0 halberd.
The skeletal warrior resists.
The skeletal warrior is very cold.
The skeletal warrior barely misses you. ๐Ÿ˜ฎ HP[-15] MP[-2]
You take 15 damage, and now have 72/107 hp.
You lost 2 mp, and now have 24/26 mp.
Casting: Summon Guardian Golem (safe; 1% risk of failure)
Confirm with . or Enter, or press ? or * to list all spells.
The troll bites your guardian golem. The troll claws your guardian golem.
The troll claws your guardian golem!
You block the skeletal warrior's attack.
The skeletal warrior hits you with a +0 halberd!
The skeletal warrior barely misses your guardian golem.
The skeletal warrior hits your guardian golem with a +0 trident!
Your guardian golem overheats! ๐Ÿ˜ฎ HP[-10] MP[-2]
You take 10 damage, and now have 62/107 hp.
You lost 2 mp, and now have 22/26 mp.
Casting: Call Canine Familiar (safe; 1% risk of failure)
Confirm with . or Enter, or press ? or * to list all spells.
Your warg disappears in a puff of smoke!
The troll bites your guardian golem! Flame seeps out of your guardian golem.
The troll claws your guardian golem but does no damage.
The troll claws your guardian golem. Flame seeps out of your guardian golem.
The skeletal warrior hits you from afar with a +0 glaive.
The skeletal warrior hits you with a +0 halberd!!
* * * LOW HITPOINT WARNING * * *
You shudder from the blow and a jelly pops out!
The skeletal warrior hits your acid blob with a +0 scimitar!
The acid corrodes the skeletal warrior!
The skeletal warrior is burned by acid!
The skeletal warrior hits your guardian golem with a +0 trident.
Flame seeps out of your guardian golem.
The skeletal warrior hits you with a +0 short sword!
* * * LOW HITPOINT WARNING * * *
The skeletal warrior resists.
The skeletal warrior is very cold.
Your guardian golem is engulfed in blazing flames.
Flame seeps out of your guardian golem. ๐Ÿ˜ฑ HP[-45] MP[-3]
You take 45 damage, and now have 17/107 hp.
MASSIVE DAMAGE!! (PAUSE)
You lost 3 mp, and now have 19/26 mp.
Unknown command.
The skeletal warrior attacks as you move away!
The skeletal warrior hits you but does no damage.
The skeletal warrior resists.
The skeletal warrior is very cold.
The skeletal warrior hits you from afar with a +0 halberd!!
You die...

Skill      XL: |  1  2  3  4  5  6  7  8  9 10 11 12 |
---------------+-------------------------------------+-----
Spellcasting   | 5 6 7 8 9 |  9.6
Invocations    | 1 2 3 4 5 6 7 8 |  8.9
Fighting       | 1 2 3 4 5 6 7 8 |  8.1
Short Blades   | 1 2 3 4 5 6 7 8 |  8.1
Long Blades    | 1 2 3 4 5 6 7 8 |  8.1
Axes           | 1 2 3 4 5 6 7 8 |  8.1
Maces & Flails | 1 2 3 4 5 6 7 8 |  8.1
Polearms       | 1 2 3 4 5 6 7 8 |  8.1
Staves         | 1 2 3 4 5 6 7 8 |  8.1
Ranged Weapons | 1 2 3 4 5 6 7 8 |  8.1
Throwing       | 1 2 3 4 5 6 7 8 |  8.1
Armour         | 1 2 3 4 5 6 7 8 |  8.1
Shields        | 1 2 3 4 5 6 7 8 |  8.1
Unarmed Combat | 1 2 3 4 5 6 7 8 |  8.1
Evocations     | 1 2 3 4 5 6 7 8 |  8.1
Conjurations   | 1 2 3 4 5 6 |  6.7
Hexes          | 1 2 3 4 5 6 |  6.8
Necromancy     | 1 2 3 4 5 6 |  6.7
Translocations | 1 2 3 4 5 6 |  6.7
Transmutations | 1 2 3 4 5 6 |  6.7
Fire Magic     | 1 2 3 4 5 6 |  6.7
Ice Magic      | 1 2 3 4 5 6 |  6.7
Air Magic      | 1 2 3 4 5 6 |  6.7
Earth Magic    | 1 2 3 4 5 6 |  6.7
Poison Magic   | 1 2 3 4 5 6 |  6.7
Dodging        | 5 6 7 8 9 |  9.4
Stealth        | 5 6 7 8 9 |  9.2
Summonings     | 8 9 |  9.9

Action                   |  1- 3 |  4- 6 |  7- 9 | 10-12 | 13-15 || total
-------------------------+-------+-------+-------+-------+-------++-------
Melee: Unarmed           |   200 |    59 |       |       |       ||   259
       Bite              |    13 |     9 |    34 |    25 |       ||    81
       Punch             |     2 |     1 |       |       |       ||     3
       Headbutt          |       |     8 |    53 |    60 |       ||   121
       Dire flail        |       |    30 |   268 |   200 |     3 ||   501
       Kick              |       |       |     4 |    58 |       ||    62
 Cast: Summon Small Mamm |    49 |     6 |     6 |    25 |       ||    86
       Call Canine Famil |     1 |     8 |    12 |    23 |     2 ||    46
       Call Imp          |     1 |     4 |     6 |    17 |       ||    28
       Summon Lightning  |       |     4 |     9 |    12 |       ||    25
       Summon Guardian G |       |       |     1 |     5 |     1 ||     7
       Summon Cactus Gia |       |       |       |     4 |       ||     4
Invok: Slimify           |       |       |     1 |       |       ||     1
       Oozemancy         |       |       |     1 |       |       ||     1
  Use: Potion            |     1 |     1 |       |     2 |       ||     4
       Scroll            |       |       |    11 |       |       ||    11
 Stab: Sleeping          |     8 |     7 |     5 |     3 |     1 ||    24
       Distracted        |       |     1 |     1 |     1 |       ||     3
       Paralysed         |       |       |     1 |       |       ||     1
Armor: Robe              |    57 |     9 |    36 |       |       ||   102
       Steam dragon scal |       |       |     4 |    36 |     1 ||    41
Dodge: Dodged            |   201 |    60 |   211 |   137 |     4 ||   613
Block: Other             |       |       |       |    19 |     1 ||    20
       Reflection        |       |       |       |     1 |       ||     1

Levels and vault maps discovered:
D:1:      doesnt_arrival_eight_statues, layout_basic,
          shapermc_ecumenical_altar_ellora, supply_closet_lemuel
D:2:      layout_rooms
D:3:      layout_rooms, fedhas_altar_fruit_tree, uniq_natasha, uniq_jessica
D:4:      layout_loops_cross, serial_aquarium, aquarium_bridge_square
          [aquarium_subvault_bridge, aquarium_subvault_bridge,
          aquarium_subvault_bridge, aquarium_subvault_bridge],
          aquarium_bridge_straight [aquarium_subvault_bridge,
          aquarium_subvault_wall, aquarium_subvault_bridge,
          aquarium_subvault_window], aquarium_window_corner,
          aquarium_window_fake, aquarium_window_1, aquarium_view_2e,
          aquarium_view_2a, aquarium_balcony_5b, aquarium_pool_2,
          serial_bayou_pond_d, uniq_edmund, uniq_menkaure
D:5:      layout_rooms, gammafunk_ghost_cemetery,
          chequers_serial_rivers_small_b, st_stairs_9, grunt_ministairs_10,
          hangedman_decor_opposing
D:6:      kennysheep_slugbush, layout_rooms, okawaru_metal_pillars_1_2,
          nicolae_uskayaw_suspiria, nicolae_tso_swordbearing_angel,
          ashenzari_altar_1, minmay_temple_entry_butterflies, serial_curves,
          eino_curves_03, eino_curves_01, eino_curves_02, serial_shops,
          nicolae_shop_behind_doors
D:7:      layout_basic, nicolae_ru_great_annihilating_truth,
          chequers_ossuary_entry_cave, uniq_maggie
D:8:      layout_loops_corners, hellmonk_guarded_unrand_lears
D:9:      layout_irregular_city, chei_slow_surprise,
          mainiacjoe_overflow_alcove_4, xom_shifter_show,
          chequers_temple_overflow_statue_of_worship, david_orc_2,
          minmay_fractal_squares_diagonal_5
D:10:     layout_loops_corners, nicolae_shop_fire_sale [nicolae_sub_dead_trees],
          kennysheep_cluttered_room, minivault_5, uniq_urug
D:11:     layout_roguey, grunt_lair_entry_orc_guard_hut, uniq_erolcha,
          uniq_josephine
D:12:     layout_loops_corners, gammafunk_ghost_spectres, serial_shops, shop,
          shop, shop, nicolae_shop_competitors_out_of_business,
          nzn_hepliaklqana_mist_gate
D:13:     layout_roguey, grunt_vaults_entry_tiered, uniq_nessos, uniq_kirke,
          uniq_azrael

Notes
Turn   | Place    | Note
-------+----------+-------------------------------------------
     0 | D:1      | spaghetti the Gnoll Summoner began the quest for the Orb.
     0 | D:1      | Reached XP level 1. HP: 13/13 MP: 6/6
     0 | D:1      | magus.rc [v1.9.6]
    28 | D:1      | HP: 2/13 [jackal (3)]
   249 | D:1      | Reached XP level 2. HP: 10/19 MP: 4/7
  1250 | D:1      | HP: 5/20 [jackal (1)]
  1624 | D:1      | Reached skill level 5 in Spellcasting
  1624 | D:1      | Reached XP level 3. HP: 20/25 MP: 7/9
  1627 | D:1      | Learned a level 2 spell: Call Imp
  1631 | D:1      | Learned a level 3 spell: Call Canine Familiar
  1755 | D:1      | You pick up a book of Blasting and begin reading...
  1755 | D:1      | You add the spells Fulminant Prism, Iskenderun's Mystic
                  | Blast and Lee's Rapid Deconstruction to your library.
  2008 | D:1      | Found a faded altar of an unknown god.
  2088 | D:1      | Prayed at the altar of an unknown god.
  2088 | D:1      | Became a worshipper of Jiyva Jatzeseo the Shapeless
  2088 | D:1      | Reached * piety under Jiyva
  2387 | D:2      | Reached skill level 1 in Invocations
  2415 | D:2      | HP: 6/25 [adder (2)]
  2420 | D:2      | HP: 4/25 [poisoned by an adder]
  2425 | D:2      | HP: 3/25 [poisoned by an adder]
  2518 | D:2      | Reached skill level 1 in Fighting
  2518 | D:2      | Reached skill level 1 in Short Blades
  2518 | D:2      | Reached skill level 1 in Long Blades
  2518 | D:2      | Reached skill level 1 in Axes
  2518 | D:2      | Reached skill level 1 in Maces & Flails
  2518 | D:2      | Reached skill level 1 in Polearms
  2518 | D:2      | Reached skill level 1 in Staves
  2518 | D:2      | Reached skill level 1 in Ranged Weapons
  2518 | D:2      | Reached skill level 1 in Throwing
  2518 | D:2      | Reached skill level 1 in Armour
  2518 | D:2      | Reached skill level 1 in Shields
  2518 | D:2      | Reached skill level 1 in Unarmed Combat
  2518 | D:2      | Reached skill level 1 in Evocations
  2518 | D:2      | Identified the +1 chain mail of Amorality {Harm rF+ Int+4}
  2603 | D:2      | Learned a level 3 spell: Summon Guardian Golem
  2627 | D:2      | Reached ** piety under Jiyva
  2686 | D:2      | Reached XP level 4. HP: 30/32 MP: 9/11
  2792 | D:2      | Learned a level 4 spell: Summon Lightning Spire
  2973 | D:3      | Noticed Natasha
  2981 | D:3      | Reached skill level 1 in Conjurations
  2981 | D:3      | Reached skill level 1 in Hexes
  2981 | D:3      | Reached skill level 1 in Necromancy
  2981 | D:3      | Reached skill level 1 in Translocations
  2981 | D:3      | Reached skill level 1 in Transmutations
  2981 | D:3      | Reached skill level 1 in Fire Magic
  2981 | D:3      | Reached skill level 1 in Ice Magic
  2981 | D:3      | Reached skill level 1 in Air Magic
  2981 | D:3      | Reached skill level 1 in Earth Magic
  2981 | D:3      | Reached skill level 1 in Poison Magic
  2981 | D:3      | Killed Natasha
  3122 | D:3      | Noticed Natasha
  3124 | D:3      | Reached XP level 5. HP: 25/37 MP: 10/12
  3128 | D:3      | Killed Natasha
  3251 | D:3      | You pick up a book of Scorching and begin reading...
  3251 | D:3      | You add the spells Scorch, Flame Wave and Summon Cactus
                  | Giant to your library.
  3366 | D:3      | Noticed Jessica
  3373 | D:3      | Killed Jessica
  3418 | D:3      | Noticed Natasha
  3431 | D:3      | Killed Natasha
  3473 | D:3      | Reached *** piety under Jiyva
  3473 | D:3      | Found a blossoming altar of Fedhas.
  3564 | D:4      | Gained mutation: You expend magic power (3 MP) to
                  | strengthen your wands. [Jiyva's grace]
  3564 | D:4      | Gained mutation: You have a pair of small horns on your
                  | head. [Jiyva's grace]
  3564 | D:4      | Gained mutation: You have a pair of horns on your head.
                  | [Jiyva's grace]
  3564 | D:4      | Gained mutation: You have a pair of large horns on your
                  | head. [Jiyva's grace]
  3579 | D:4      | Noticed Edmund
  3600 | D:4      | Killed Edmund
  3601 | D:4      | Reached skill level 2 in Fighting
  3601 | D:4      | Reached skill level 2 in Short Blades
  3601 | D:4      | Reached skill level 2 in Long Blades
  3601 | D:4      | Reached skill level 2 in Axes
  3601 | D:4      | Reached skill level 2 in Maces & Flails
  3601 | D:4      | Reached skill level 2 in Polearms
  3601 | D:4      | Reached skill level 2 in Staves
  3601 | D:4      | Reached skill level 2 in Ranged Weapons
  3601 | D:4      | Reached skill level 2 in Throwing
  3601 | D:4      | Reached skill level 2 in Armour
  3601 | D:4      | Reached skill level 5 in Dodging
  3601 | D:4      | Reached skill level 2 in Shields
  3601 | D:4      | Reached skill level 2 in Unarmed Combat
  3601 | D:4      | Reached skill level 2 in Invocations
  3601 | D:4      | Reached skill level 2 in Evocations
  3601 | D:4      | Reached XP level 6. HP: 26/44 MP: 5/14
  3697 | D:4      | Identified the +1 scale mail "Sofoecha" {Rampage Will+
                  | SInv}
  3707 | D:4      | Killed Menkaure
  4313 | D:5      | Entered Level 5 of the Dungeon
  4322 | D:5      | Reached **** piety under Jiyva
  4394 | D:5      | Reached skill level 2 in Conjurations
  4394 | D:5      | Reached skill level 2 in Hexes
  4394 | D:5      | Reached skill level 2 in Necromancy
  4394 | D:5      | Reached skill level 2 in Translocations
  4394 | D:5      | Reached skill level 2 in Transmutations
  4394 | D:5      | Reached skill level 2 in Fire Magic
  4394 | D:5      | Reached skill level 2 in Ice Magic
  4394 | D:5      | Reached skill level 2 in Air Magic
  4394 | D:5      | Reached skill level 2 in Earth Magic
  4394 | D:5      | Reached skill level 2 in Poison Magic
  4394 | D:5      | Reached XP level 7. HP: 37/51 MP: 13/15
  4405 | D:5      | Reached skill level 5 in Stealth
  4405 | D:5      | Reached skill level 3 in Invocations
  4522 | D:5      | Noticed a shadow
  4555 | D:5      | Killed a shadow
  4556 | D:5      | Reached skill level 3 in Fighting
  4556 | D:5      | Reached skill level 3 in Short Blades
  4556 | D:5      | Reached skill level 3 in Long Blades
  4556 | D:5      | Reached skill level 3 in Axes
  4556 | D:5      | Reached skill level 3 in Maces & Flails
  4556 | D:5      | Reached skill level 3 in Polearms
  4556 | D:5      | Reached skill level 3 in Staves
  4556 | D:5      | Reached skill level 3 in Ranged Weapons
  4556 | D:5      | Reached skill level 3 in Throwing
  4556 | D:5      | Reached skill level 3 in Armour
  4556 | D:5      | Reached skill level 3 in Shields
  4556 | D:5      | Reached skill level 3 in Unarmed Combat
  4556 | D:5      | Reached skill level 3 in Evocations
  4556 | D:5      | Reached XP level 8. HP: 35/58 MP: 11/16
  4638 | D:5      | Found a runed translucent gate.
  4646 | D:5      | Found a runed translucent gate.
  4647 | D:5      | Found a runed translucent gate.
  4654 | D:5      | Noticed Spectrina's ghost (amateur DjVM)
  4654 | D:5      | Noticed nickcage's ghost (novice MiGl)
  4776 | D:5      | Reached skill level 6 in Spellcasting
  4790 | D:5      | Lost mutation: You have a pair of large horns on your head.
                  | [Jiyva's grace]
  4790 | D:5      | Lost mutation: You have a pair of horns on your head.
                  | [Jiyva's grace]
  4790 | D:5      | Gained mutation: You have a pair of horns on your head.
                  | [Jiyva's grace]
  4790 | D:5      | Gained mutation: You have a pair of large horns on your
                  | head. [Jiyva's grace]
  4790 | D:5      | Gained mutation: Your melee attacks may engulf your foes in
                  | ooze. [Jiyva's grace]
  4790 | D:5      | Gained mutation: You are robust. (+10% HP) [Jiyva's grace]
  4903 | D:6      | Identified the +0 ring mail of Hedge Wizardry {rC+ rCorr
                  | Dex+4 Slay+3}
  5152 | D:6      | Found a broken altar of Ashenzari.
  5164 | D:6      | Found Xustrot's Magic Scroll Shop.
  5167 | D:6      | Bought a scroll of identify for 20 gold pieces
  5167 | D:6      | Bought a scroll of identify for 20 gold pieces
  5311 | D:6      | Reached ***** piety under Jiyva
  5346 | D:6      | Found a hide-covered altar of Uskayaw.
  5390 | D:6      | Found an iron altar of Okawaru.
  5491 | D:6      | Reached skill level 3 in Conjurations
  5491 | D:6      | Reached skill level 3 in Hexes
  5491 | D:6      | Reached skill level 3 in Necromancy
  5491 | D:6      | Reached skill level 3 in Translocations
  5491 | D:6      | Reached skill level 3 in Transmutations
  5491 | D:6      | Reached skill level 3 in Fire Magic
  5491 | D:6      | Reached skill level 3 in Ice Magic
  5491 | D:6      | Reached skill level 3 in Air Magic
  5491 | D:6      | Reached skill level 3 in Earth Magic
  5491 | D:6      | Reached skill level 3 in Poison Magic
  5491 | D:6      | Reached skill level 4 in Invocations
  5526 | D:6      | Found a staircase to the Ecumenical Temple.
  5626 | D:6      | Found a glowing golden altar of the Shining One.
  5753 | D:7      | Found a sacrificial altar of Ru.
  5859 | D:7      | Noticed Maggie
  5868 | D:7      | Reached skill level 6 in Dodging
  5875 | D:7      | Killed Maggie
  5876 | D:7      | Reached skill level 4 in Fighting
  5876 | D:7      | Reached skill level 4 in Short Blades
  5876 | D:7      | Reached skill level 4 in Long Blades
  5876 | D:7      | Reached skill level 4 in Axes
  5876 | D:7      | Reached skill level 4 in Maces & Flails
  5876 | D:7      | Reached skill level 4 in Polearms
  5876 | D:7      | Reached skill level 4 in Staves
  5876 | D:7      | Reached skill level 4 in Ranged Weapons
  5876 | D:7      | Reached skill level 4 in Throwing
  5876 | D:7      | Reached skill level 4 in Armour
  5876 | D:7      | Reached skill level 4 in Shields
  5876 | D:7      | Reached skill level 4 in Unarmed Combat
  5876 | D:7      | Reached skill level 4 in Evocations
  5876 | D:7      | Reached XP level 9. HP: 49/71 MP: 12/18
  5883 | D:7      | Learned a level 6 spell: Summon Cactus Giant
  5959 | D:7      | Found a sand-covered staircase.
  5968 | Ossuary  | Entered an ossuary
  6140 | Ossuary  | Reached skill level 6 in Stealth
  6140 | Ossuary  | Reached skill level 8 in Summonings
  6794 | D:8      | Noticed a tengu warrior
  6798 | D:8      | Slimified a tengu warrior
  6798 | D:8      | a tengu warrior changed into a slime creature
  6801 | D:8      | Reached skill level 5 in Invocations
  6831 | D:8      | Found the +18 Lear's hauberk
  7085 | D:8      | Lost mutation: You have a pair of large horns on your head.
                  | [Jiyva's grace]
  7085 | D:8      | Lost mutation: Your melee attacks may engulf your foes in
                  | ooze. [Jiyva's grace]
  7085 | D:8      | Gained mutation: You have sharp toenails. [Jiyva's grace]
  7085 | D:8      | Gained mutation: You have razor-sharp toenails. [Jiyva's
                  | grace]
  7085 | D:8      | Gained mutation: You have claws for feet. [Jiyva's grace]
  7085 | D:8      | Gained mutation: You passively map a small area around you.
                  | [Jiyva's grace]
  7165 | D:8      | Killed a hornet
  7434 | D:8      | You pick up a book of Frost and begin reading...
  7434 | D:8      | You add the spells Freeze, Frozen Ramparts and Hailstorm to
                  | your library.
  7799 | D:9      | Found a snail-covered altar of Cheibriados.
  7826 | D:9      | Noticed a manticore
  7833 | D:9      | HP: 18/72 [manticore (20)]
  7833 | D:9      | HP: 8/72 [manticore (10)]
  7834 | D:9      | Killed a manticore
  7835 | D:9      | Reached skill level 7 in Spellcasting
  7835 | D:9      | Reached skill level 4 in Conjurations
  7835 | D:9      | Reached skill level 4 in Hexes
  7835 | D:9      | Reached skill level 4 in Necromancy
  7835 | D:9      | Reached skill level 4 in Translocations
  7835 | D:9      | Reached skill level 4 in Transmutations
  7835 | D:9      | Reached skill level 4 in Fire Magic
  7835 | D:9      | Reached skill level 4 in Ice Magic
  7835 | D:9      | Reached skill level 4 in Air Magic
  7835 | D:9      | Reached skill level 4 in Earth Magic
  7835 | D:9      | Reached skill level 4 in Poison Magic
  7918 | D:9      | Noticed a shock serpent
  7919 | D:9      | Found a shimmering altar of Xom.
  7920 | D:9      | Found a shimmering altar of Xom.
  7920 | D:9      | Found a shimmering altar of Xom.
  7920 | D:9      | Found a shimmering altar of Xom.
  7920 | D:9      | Found a shimmering altar of Xom.
  7921 | D:9      | Found a shimmering altar of Xom.
  7961 | D:9      | Reached skill level 5 in Fighting
  7961 | D:9      | Reached skill level 5 in Short Blades
  7961 | D:9      | Reached skill level 5 in Long Blades
  7961 | D:9      | Reached skill level 5 in Axes
  7961 | D:9      | Reached skill level 5 in Maces & Flails
  7961 | D:9      | Reached skill level 5 in Polearms
  7961 | D:9      | Reached skill level 5 in Staves
  7961 | D:9      | Reached skill level 5 in Ranged Weapons
  7961 | D:9      | Reached skill level 5 in Throwing
  7961 | D:9      | Reached skill level 5 in Armour
  7961 | D:9      | Reached skill level 5 in Shields
  7961 | D:9      | Reached skill level 5 in Unarmed Combat
  7961 | D:9      | Reached skill level 5 in Evocations
  7961 | D:9      | Reached XP level 10. HP: 65/81 MP: 18/20
  7968 | D:10     | Entered Level 10 of the Dungeon
  8160 | D:10     | Noticed a two-headed ogre
  8168 | D:10     | Killed a two-headed ogre
  8169 | D:10     | Reached skill level 7 in Dodging
  8312 | D:10     | Noticed Urug
  8318 | D:10     | HP: 20/81 [Urug/javelin (4)]
  8318 | D:10     | Killed Urug
  8319 | D:10     | Reached skill level 6 in Invocations
  8371 | D:10     | Noticed a kobold demonologist
  8383 | D:10     | Noticed a smoke demon
  8383 | D:10     | Killed a kobold demonologist
  8384 | D:10     | Reached skill level 7 in Stealth
  8393 | D:10     | Identified the +3 leather armour "Yxtoqau" {Harm rF+ rC+
                  | Str-3}
  8520 | D:10     | Found Heuch's Fire Supplies.
  8520 | D:10     | Noticed a two-headed ogre
  8531 | D:10     | Killed a two-headed ogre
  8639 | D:10     | Reached ****** piety under Jiyva
  8719 | D:10     | Reached skill level 6 in Fighting
  8719 | D:10     | Reached skill level 6 in Short Blades
  8719 | D:10     | Reached skill level 6 in Long Blades
  8719 | D:10     | Reached skill level 6 in Axes
  8719 | D:10     | Reached skill level 6 in Maces & Flails
  8719 | D:10     | Reached skill level 6 in Polearms
  8719 | D:10     | Reached skill level 6 in Staves
  8719 | D:10     | Reached skill level 6 in Ranged Weapons
  8719 | D:10     | Reached skill level 6 in Throwing
  8719 | D:10     | Reached skill level 6 in Armour
  8719 | D:10     | Reached skill level 6 in Shields
  8719 | D:10     | Reached skill level 6 in Unarmed Combat
  8719 | D:10     | Reached skill level 6 in Evocations
  8728 | D:10     | Reached skill level 5 in Conjurations
  8728 | D:10     | Reached skill level 5 in Hexes
  8728 | D:10     | Reached skill level 5 in Necromancy
  8728 | D:10     | Reached skill level 5 in Translocations
  8728 | D:10     | Reached skill level 5 in Transmutations
  8728 | D:10     | Reached skill level 5 in Fire Magic
  8728 | D:10     | Reached skill level 5 in Ice Magic
  8728 | D:10     | Reached skill level 5 in Air Magic
  8728 | D:10     | Reached skill level 5 in Earth Magic
  8728 | D:10     | Reached skill level 5 in Poison Magic
  8728 | D:10     | Reached XP level 11. HP: 55/89 MP: 22/22
  8825 | D:10     | Lost mutation: You have claws for feet. [Jiyva's grace]
  8825 | D:10     | Gained mutation: A frigid envelope surrounds you and
                  | freezes all who hurt you. [Jiyva's grace]
  8825 | D:10     | Gained mutation: Your melee attacks may engulf your foes in
                  | ooze. [Jiyva's grace]
  8825 | D:10     | Gained mutation: Your spells are a little harder to cast,
                  | but a little more powerful. [Jiyva's grace]
  8825 | D:10     | Gained mutation: Your spells are harder to cast, but more
                  | powerful. [Jiyva's grace]
  8835 | D:10     | Noticed a two-headed ogre
  8843 | D:10     | Killed a two-headed ogre
  8844 | D:10     | Reached skill level 8 in Spellcasting
  9115 | D:11     | Noticed a four-headed hydra
  9124 | D:11     | Killed a four-headed hydra
  9175 | D:11     | Noticed a two-headed ogre
  9189 | D:11     | Killed a two-headed ogre
  9190 | D:11     | Reached skill level 8 in Dodging
  9190 | D:11     | Reached skill level 9 in Summonings
  9190 | D:11     | Reached skill level 7 in Invocations
  9228 | D:11     | Noticed Erolcha
  9246 | D:11     | Killed Erolcha
  9389 | D:11     | Noticed Josephine
  9389 | D:11     | Noticed a five-headed hydra
  9402 | D:11     | Killed Josephine
  9403 | D:11     | Reached skill level 8 in Stealth
  9408 | D:11     | Killed a five-headed hydra
  9505 | D:11     | Found a staircase to the Lair.
  9559 | D:11     | Noticed a cyan ugly thing
  9583 | D:11     | Killed a cyan ugly thing
  9758 | D:11     | Noticed a cyclops
  9766 | D:11     | Killed a cyclops
  9767 | D:11     | Reached skill level 7 in Fighting
  9767 | D:11     | Reached skill level 7 in Short Blades
  9767 | D:11     | Reached skill level 7 in Long Blades
  9767 | D:11     | Reached skill level 7 in Axes
  9767 | D:11     | Reached skill level 7 in Maces & Flails
  9767 | D:11     | Reached skill level 7 in Polearms
  9767 | D:11     | Reached skill level 7 in Staves
  9767 | D:11     | Reached skill level 7 in Ranged Weapons
  9767 | D:11     | Reached skill level 7 in Throwing
  9767 | D:11     | Reached skill level 7 in Armour
  9767 | D:11     | Reached skill level 7 in Shields
  9767 | D:11     | Reached skill level 7 in Unarmed Combat
  9767 | D:11     | Reached skill level 7 in Evocations
  9852 | D:11     | Noticed a manticore
  9858 | D:11     | Killed a manticore
  9968 | D:12     | Noticed a manticore
  9979 | D:12     | Killed a manticore
  9980 | D:12     | Reached XP level 12. HP: 100/100 MP: 22/24
  9985 | D:12     | Found Pizuerr's General Store.
 10017 | D:12     | Found a hazy altar of Hepliaklqana.
 10027 | D:12     | Reached skill level 6 in Conjurations
 10027 | D:12     | Reached skill level 6 in Hexes
 10027 | D:12     | Reached skill level 6 in Necromancy
 10027 | D:12     | Reached skill level 6 in Translocations
 10027 | D:12     | Reached skill level 6 in Transmutations
 10027 | D:12     | Reached skill level 6 in Fire Magic
 10027 | D:12     | Reached skill level 6 in Ice Magic
 10027 | D:12     | Reached skill level 6 in Air Magic
 10027 | D:12     | Reached skill level 6 in Earth Magic
 10027 | D:12     | Reached skill level 6 in Poison Magic
 10160 | D:12     | Reached skill level 8 in Invocations
 10181 | D:12     | Found a runed translucent gate.
 10181 | D:12     | Found a runed translucent gate.
 10182 | D:12     | Found a runed translucent gate.
 10187 | D:12     | Noticed wingedge's ghost (adept OgCj)
 10229 | D:12     | Noticed a five-headed hydra
 10240 | D:12     | Killed a five-headed hydra
 10241 | D:12     | Reached skill level 9 in Spellcasting
 10267 | D:12     | HP: 14/100 [skeletal warrior/+0 hand axe (19)]
 10272 | D:12     | Noticed a two-headed ogre
 10519 | D:12     | Found Xyrpha Omeck's Assorted Antiques.
 10524 | D:12     | Reached skill level 9 in Dodging
 10563 | D:12     | Bought a pair of embroidered boots for 217 gold pieces
 10571 | D:12     | Found Hithraj's Jewellery Boutique.
 10575 | D:12     | Found Asost's Antique Armour Boutique.
 10719 | D:12     | Noticed a two-headed ogre
 10728 | D:12     | Killed a two-headed ogre
 11114 | D:12     | Killed a two-headed ogre
 11115 | D:12     | Reached skill level 9 in Stealth
 11180 | D:12     | Reached skill level 8 in Fighting
 11180 | D:12     | Reached skill level 8 in Short Blades
 11180 | D:12     | Reached skill level 8 in Long Blades
 11180 | D:12     | Reached skill level 8 in Axes
 11180 | D:12     | Reached skill level 8 in Maces & Flails
 11180 | D:12     | Reached skill level 8 in Polearms
 11180 | D:12     | Reached skill level 8 in Staves
 11180 | D:12     | Reached skill level 8 in Ranged Weapons
 11180 | D:12     | Reached skill level 8 in Throwing
 11180 | D:12     | Reached skill level 8 in Armour
 11180 | D:12     | Reached skill level 8 in Shields
 11180 | D:12     | Reached skill level 8 in Unarmed Combat
 11180 | D:12     | Reached skill level 8 in Evocations
 11221 | D:12     | Killed wingedge's ghost
 11264 | D:12     | HP: 20/101 [freezing wraith (23)]
 11361 | D:13     | Reached XP level 13. HP: 107/107 MP: 26/26
 11366 | D:13     | You pick up a book of Scorching and begin reading...
 11416 | D:13     | HP: 17/107 [skeletal warrior/+0 short sword (16)]
 11417 | D:13     | Mangled by a skeletal warrior

Vanquished Creatures
  Erolcha (D:11)
  3 hydras
  2 two-headed ogres
  An ugly thing (D:13)
  2 manticores (D:12)
  A gargoyle (D:12)
  Maggie (D:7)
  A kobold demonologist (D:10)
  A yaktaur (D:12)
  2 trolls (D:12)
  2 wraiths (D:11)
  6 yaks (D:10)
  A vampire (D:11)
  2 wyverns
  An acid dragon (D:11)
  2 orc warriors
  A sky beast (D:6)
  2 black bears (D:11)
  An ogre (D:5)
  A centaur (D:12)
  A kobold brigand (D:9)
  3 elf zombies (Ossuary)
  4 bullfrogs
  2 scorpions
  6 killer bees (D:8)
  2 electric eels
  A howler monkey (D:11)
  2 hounds (D:5)
  5 iguanas
  3 orc wizards
  A hound zombie (Ossuary)
  2 mummies (Ossuary)
  3 gnolls
  4 adders
  A shadow imp (D:8)
  A white imp (D:5)
  5 adder zombies (Ossuary)
  7 dart slugs (D:6)
  16 orcs
  3 bats
  2 goblins
  2 hobgoblins
  3 jackals (D:5)
  3 kobolds
  2 quokkas (D:3)
  4 ball pythons
  A frilled lizard (D:3)
  A gnoll zombie (Ossuary)
  2 goblin zombies (Ossuary)
  2 hobgoblin zombies (Ossuary)
  4 jackal zombies (Ossuary)
  6 kobold zombies (Ossuary)
  An orc zombie (Ossuary)
  3 quokka zombies (Ossuary)
  2 rats
  A rat zombie (Ossuary)
145 creatures vanquished.

Vanquished Creatures (collateral kills)
  Josephine (D:11)
  4 two-headed ogres
  Urug (D:10)
  5 skeletal warriors (D:12)
  An ugly thing (D:11)
  A phantasmal warrior (D:12)
  2 manticores
  A cyclops (D:11)
  2 gargoyles (D:12)
  4 freezing wraiths (D:12)
  A troll (D:12)
  4 wraiths (D:11)
  A shadow (D:5)
  A steam dragon (D:8)
  Edmund (D:4)
  An acid dragon (D:8)
  An orc warrior (D:9)
  An ogre (D:5)
  A phantom (D:5)
  2 scorpions
  A centaur zombie (Ossuary)
  A hound (D:5)
  Jessica (D:3)
  Natasha (thrice) (D:3)
  A mummy (Ossuary)
  A gnoll (D:6)
  3 adders
  2 dart slugs (D:6)
  5 orcs
  2 ball pythons (D:1)
  3 bats (D:1)
  An endoplasm (D:1)
  2 goblins
  7 hobgoblins
  11 jackals
  5 kobolds
  5 quokkas
  A hobgoblin zombie (Ossuary)
  A kobold zombie (Ossuary)
  An orc zombie (Ossuary)
  A rat (D:1)
94 creatures vanquished.

Vanquished Creatures (others)
  The ghost of wingedge the Warrior, an adept OgCj of Vehumet (D:12)
  A hornet (D:8)
  Menkaure (D:4)
  A black bear (D:6)
  2 centaurs (D:9)
  A phantom (D:6)
  A kobold brigand (D:7)
  A necrophage (D:6)
  3 scorpions
  2 howler monkeys
  26 jellies
  2 hounds
  An orc wizard (D:9)
  3 adders
  2 worms
  7 orcs
  2 ball pythons
  A bat (D:2)
  2 endoplasms
  A hobgoblin (D:2)
  2 jackals (D:5)
  6 kobolds (D:7)
  A rat (D:2)
  A butterfly (D:6)
  25 fungi
  15 plants
111 creatures vanquished.

Grand Total: 350 creatures vanquished

Table legend:
 A = Non-vault XP
 B = Vault XP
 C = Vault XP percentage of total XP
 D = Non-vault monster count
 E = Vault monster count
 F = Vault count percentage of total count
                 A         B        C        D         E       F
            +---------+---------+-------+---------+---------+-------
      Total |   23546 |    9007 |  27.7 |     164 |      76 |  31.7
            +---------+---------+-------+---------+---------+-------
        D:1 |      47 |       0 |   0.0 |      26 |       0 |   0.0
        D:2 |      36 |       0 |   0.0 |       7 |       0 |   0.0
        D:3 |     119 |      72 |  37.7 |      19 |       2 |   9.5
        D:4 |       9 |     164 |  94.8 |       5 |       1 |  16.7
        D:5 |     939 |      96 |   9.3 |      24 |       4 |  14.3
        D:6 |     492 |      36 |   6.8 |      12 |       9 |  42.9
        D:7 |     266 |     437 |  62.2 |       3 |       5 |  62.5
        D:8 |     748 |       0 |   0.0 |      14 |       0 |   0.0
        D:9 |     788 |       0 |   0.0 |      10 |       0 |   0.0
       D:10 |    4621 |     780 |  14.4 |      15 |       1 |   6.2
       D:11 |    4803 |    3369 |  41.2 |      10 |      12 |  54.5
       D:12 |   10097 |    3605 |  26.3 |      18 |       6 |  25.0
       D:13 |     581 |       0 |   0.0 |       1 |       0 |   0.0
    Ossuary |       0 |     448 | 100.0 |       0 |      36 | 100.0
            +---------+---------+-------+---------+---------+-------

Illustrated notes

Table legend:
 A = Kills in this place as a percentage of kills in entire the game.
 B = Kills by you in this place as a percentage of kills by you in the entire game.
 C = Kills by friends in this place as a percentage of kills by friends in the entire game.
 D = Other kills in this place as a percentage of other kills in the entire game.
 E = Experience gained in this place as a percentage of experience gained in the entire game.
 F = Experience gained in this place divided by the number of levels of this place that you have seen.
                   A       B       C       D       E      F
               +-------+-------+-------+-------+-------+----------------------
         Total | 100.0 | 100.0 | 100.0 | 100.0 | 100.0 | 2325.2
       Dungeon |  85.0 |  78.6 |  94.7 | 100.0 |  98.6 | 2469.6
       Ossuary |  15.0 |  21.4 |   5.3 |   0.0 |   1.4 | 448.0
               +-------+-------+-------+-------+-------+----------------------

Table legend: (Time is in decaauts)
 A = Elapsed time spent in this place.
 B = Non-inter-level travel time spent in this place.
 C = Inter-level travel time spent in this place.
 D = Time resting spent in this place.
 E = Time spent auto-exploring this place.
 F = Levels seen in this place.
 G = Mean time per level.
                   A        B        C        D        E       F      G
               +--------+--------+--------+--------+--------+-----+--------+
         Total |  11472 |  11139 |    333 |    107 |   8815 |  14 |  819.4 |
       Dungeon |  11158 |  10825 |    333 |    107 |   8697 |  13 |  858.3 |
       Ossuary |    314 |    314 |      0 |      0 |    118 |   1 |  314.0 |
               +--------+--------+--------+--------+--------+-----+--------+

Top non-repeatable levels by time:
     D:1: 2374 daAuts
    D:12: 1417 daAuts
    D:10: 1127 daAuts
     D:8: 927 daAuts
    D:11: 856 daAuts
     D:6: 836 daAuts
     D:4: 754 daAuts
     D:7: 699 daAuts
     D:3: 672 daAuts
     D:5: 600 daAuts
     D:2: 508 daAuts
 Ossuary: 314 daAuts
     D:9: 310 daAuts
    D:13: 74 daAuts
